AoeStats
← lpt42

Arena

509967551Analyzed
4v4 RM · 2d ago on Sep 28, 2026· 45m 46s· 8 players
Game mode
Random Map
Map size
Large (8 player)
Population
200
Speed
Normal
Resources
Standard
Victory
Conquest
Starting age
Dark Age
Ending age
Imperial Age
RankedLock teamsTeams togetherTeam positionsShared explorationLock speedFull tech treeHidden civsTurbo modeCheats
Victory
Defeat
🇵🇪 Saracens · Peru
1191
+13
🇪🇸 Ethiopians · Spain
1186
+13
🇺🇸 Hindustanis · United States
1138
+15
🇯🇵 Malians · Japan
1130
+16
🇫🇷 Poles · France
1182
-17
🇫🇷 Celts · France
1118
-14
🇫🇷 Japanese · France
1101
-13
🇫🇷 Bohemians · France
1096
-13
lpt42
11:04 Feudal Age
15:52 Castle Age
14:06 Double-Bit Axe
14:10 Horse Collar
16:48 Bow Saw
17:33 Heavy Plow
22:16 Loom
23:08 Wheelbarrow
28:09 Imperial Age
26:44 Bloodlines
26:34 Husbandry
27:02 Gold Mining
27:03 Stone Mining
27:47 Husbandry
27:08 Light Cavalry
27:59 Scale Barding Armor
28:44 Szlachta Privileges
29:03 Chain Barding Armor
28:55 Forging
29:35 Crop Rotation
28:38 Cavalier
29:38 Winged Hussar
38:09 Elite Obuch
39:10 Conscription
38:54 Scale Mail Armor
40:02 Chain Mail Armor
40:23 Iron Casting
41:40 Plate Mail Armor
40:56 Pikeman
41:36 Squires
43:35 Blast Furnace
rhumsky42
3:32 Loom
12:58 Feudal Age
13:31 Man-at-Arms
19:08 Scale Mail Armor
21:55 Forging
22:22 Double-Bit Axe
30:25 Castle Age
32:04 Wheelbarrow
31:10 Pikeman
34:35 Squires
wouchy43
10:51 Feudal Age
12:24 Loom
15:08 Castle Age
14:17 Double-Bit Axe
14:41 Horse Collar
19:02 Chemistry
18:45 Wheelbarrow
22:48 Pikeman
25:20 Padded Archer Armor
25:20 Scale Mail Armor
26:57 Bow Saw
26:55 Heavy Plow
27:28 Ballistics
27:22 Forging
28:29 Leather Archer Armor
28:58 Hand Cart
29:08 Squires
30:59 Chain Mail Armor
31:19 Iron Casting
36:25 Imperial Age
TheBigYell
11:10 Feudal Age
11:05 Loom
15:09 Castle Age
13:55 Double-Bit Axe
14:04 Gold Mining
15:02 Horse Collar
28:46 Wheelbarrow
30:36 Pikeman
30:37 Man-at-Arms
32:50 Scale Mail Armor
33:01 Forging
32:23 Long Swordsman
32:49 Gambesons
35:20 Iron Casting
35:00 Chain Mail Armor
39:11 Imperial Age
37:35 Hand Cart
37:09 Town Watch
38:39 Heavy Plow
38:53 Bow Saw
39:18 Two-Handed Swordsman
39:19 Halberdier
40:31 Plate Mail Armor
41:01 Blast Furnace
40:22 Elite Woad Raider
41:23 Conscription
41:18 Furor Celtica
40:58 Stronghold
41:16 Champion
42:39 Heavy Scorpion
[JB]zhenghui9900
10:32 Feudal Age
11:56 Double-Bit Axe
14:45 Castle Age
12:56 Horse Collar
15:54 Bow Saw
16:36 Wheelbarrow
16:09 Loom
21:50 Hand Cart
26:05 Imperial Age
23:44 Gold Mining
23:45 Stone Mining
26:24 Gold Shaft Mining
27:54 Chemistry
26:26 Heavy Camel Rider
27:07 Husbandry
27:17 Bloodlines
27:14 Scale Barding Armor
27:20 Forging
28:23 Chain Barding Armor
29:10 Imperial Camel Rider
31:02 Conscription
32:05 Plate Barding Armor
32:06 Iron Casting
36:04 Blast Furnace
43:39 Two-Man Saw
44:40 Light Cavalry
45:03 Elite Ghulam
45:47 Scale Mail Armor
46:43 Ballistics
46:13 Guard Tower
46:34 Fortified Wall
46:19 Murder Holes
46:35 Masonry
doyasan1
10:58 Feudal Age
12:18 Double-Bit Axe
15:05 Castle Age
13:23 Horse Collar
13:29 Double-Bit Axe
15:06 Gold Mining
15:28 Forging
16:24 Wheelbarrow
16:22 Bow Saw
20:02 Loom
21:32 Scale Barding Armor
21:42 Bloodlines
23:52 Heavy Plow
24:24 Hand Cart
27:45 Bloodlines
29:19 Bloodlines
33:49 Imperial Age
31:51 Stone Mining
32:39 Gold Shaft Mining
32:42 Iron Casting
32:07 Scale Mail Armor
32:28 Treadmill Crane
34:09 Stone Shaft Mining
34:15 Town Watch
34:50 Chain Mail Armor
34:51 Squires
34:36 Arson
35:24 Fortified Wall
35:26 Masonry
35:31 Town Patrol
36:04 Plate Mail Armor
35:20 Elite Gbeto
36:35 Conscription
36:23 Fletching
35:56 Pikeman
37:43 Hoardings
38:37 Chemistry
40:47 Bodkin Arrow
41:26 Architecture
40:52 Murder Holes
Jesulito123
3:26 Loom
11:26 Feudal Age
12:43 Double-Bit Axe
15:00 Castle Age
14:19 Horse Collar
15:52 Bow Saw
16:43 Heavy Plow
20:17 Gold Mining
24:25 Wheelbarrow
28:13 Imperial Age
25:45 Fletching
25:47 Town Watch
25:35 Crossbowman
26:40 Ballistics
27:13 Hand Cart
27:26 Stone Mining
27:59 Thumb Ring
28:36 Bodkin Arrow
28:42 Padded Archer Armor
30:00 Chemistry
28:38 Capped Ram
31:20 Two-Man Saw
29:43 Arbalester
31:07 Caravan
32:29 Gold Shaft Mining
32:30 Stone Shaft Mining
31:57 Bracer
33:29 Leather Archer Armor
33:43 Conscription
33:46 Siege Ram
35:14 Ring Archer Armor
34:55 Forging
34:45 Scale Mail Armor
37:03 Murder Holes
37:14 Siege Engineers
37:20 Masonry
38:49 Iron Casting
38:14 Scale Mail Armor
39:12 Elite Shotel Warrior
39:57 Royal Heirs
43:56 Blast Furnace
43:11 Chain Mail Armor
43:03 Scale Barding Armor
46:56 Coinage
46:36 Guilds
El Botascha 2.0
0:44 Loom
11:56 Feudal Age
12:33 Double-Bit Axe
17:18 Castle Age
16:31 Horse Collar
25:28 Town Watch
27:49 Heavy Plow
31:33 Wheelbarrow
31:43 Gold Mining
31:43 Stone Mining
31:48 Gold Mining
31:48 Stone Mining
35:36 Gold Shaft Mining
37:34 Imperial Age
35:22 Hand Cart
36:08 Fortified Wall
35:54 Murder Holes
37:15 Scale Barding Armor
37:21 Forging
37:02 Fletching
37:12 Padded Archer Armor
37:53 Bow Saw
38:57 Conscription
39:12 Hoardings
39:48 Two-Man Saw
38:52 Town Patrol
39:23 Chain Barding Armor
39:38 Iron Casting
38:59 Elite Mameluke
40:43 Chemistry
39:53 Masonry
40:25 Siege Engineers
40:20 Bodkin Arrow
41:42 Plate Barding Armor
43:42 Blast Furnace
43:02 Bracer
43:17 Leather Archer Armor
43:43 Bloodlines
43:33 Husbandry
42:54 Light Cavalry
46:21 Bimaristan
45:40 Hussar
Connection lost

Rejoining the realm…

Still unreachable

The connection could not be restored.

Session expired

The server has moved on; the page needs a fresh start.